 Dungeon Crawl Stone Soup version 0.20.1-1-g8b1a95d (webtiles) character file.

20366 equalderp2856 the Slinger (level 12, -27/63 HPs)
             Began as a Spriggan Fighter on July 17, 2017.
             Killed from afar by an ice dragon (58 damage)
             ... with a blast of cold
             ... in an ice cave.
             The game lasted 01:56:47 (29728 turns).

equalderp2856 the Slinger (Spriggan Fighter)       Turns: 29728, Time: 01:56:48

Health: -27/63     AC:  4    Str: 19    XL:     12   Next: 44%
Magic:  0/21       EV: 24    Int: 12    God:
Gold:   758        SH:  8    Dex: 19    Spells: 22/22 levels left

rFire    + . .     SeeInvis +   R - +4 rapier (speed)
rCold    x . .     Gourm    .   c - +0 buckler
rNeg     . . .     Faith    .   W - +0 robe of Mental Paralysis {rPois Str+6 Dex+2}
rPois    +         Spirit   +   U - +0 hat
rElec    .         Reflect  .   F - +1 cloak
rCorr    .         Harm     .   (gloves unavailable)
MR       ++...                  (boots unavailable)
Stlth    ++++......             k - amulet of guardian spirit
Regen    0.2/turn               V - ring of fire
MPRegen  0.2/turn               i - -3 ring of evasion (curse)

@: very quick
A: unfitting armour, see invisible, herbivore 3, speed 3, slow metabolism 2
a: no special abilities


You were in an ice cave.
You were very full.

You visited 2 branches of the dungeon, and saw 12 of its levels.
You also visited: Labyrinth and Ice Cave.

You collected 758 gold pieces.

Inventory:

Hand Weapons
 h - the +9 flail of Isomm {crush, rN+ Dex+4}
   (You found it in a labyrinth)

   It inflicts extra damage upon your enemies.
   It affects your dexterity (+4).
   It protects you from negative energy.
 u - a +1 dagger of venom
 v - a +0 blowgun
 w - a +1 long sword of protection
 y - a +0 rapier
 z - a +1 spear of flaming
 C - a +0 hunting sling
 H - a +0 shortbow
 I - a +0 arbalest
 R - a +4 rapier of speed (weapon)
 Y - a +3 long sword
Missiles
 a - 7 needles of sleeping
 o - 301 stones (quivered)
 t - 33 bolts
 x - 52 poisoned needles
 S - 38 sling bullets
Armour
 c - a +0 buckler (worn)
 F - a +1 cloak (worn)
 U - a +0 hat (worn)
 W - the +0 robe of Mental Paralysis (worn) {rPois Str+6 Dex+2}
   (You found it on level 6 of the Dungeon)

   It affects your strength (+6).
   It affects your dexterity (+2).
   It protects you from poison.
Magical Staves
 B - an uncursed staff of power
Jewellery
 i - a cursed -3 ring of evasion (right hand)
 k - an amulet of guardian spirit (around neck)
 A - an uncursed ring of protection from cold
 Q - an uncursed ring of magical power
 V - a ring of fire (left hand)
Wands
 s - a wand of polymorph (15/24)
 G - a wand of confusion (18/48)
 O - a wand of lightning (15/15)
 Z - a wand of iceblast (3/15)
Scrolls
 e - 3 scrolls of remove curse
 m - a scroll of fear
 n - 7 scrolls of recharging
 q - 11 scrolls of teleportation
 E - 7 scrolls of identify
 L - a scroll of enchant weapon
Potions
 d - 3 potions of might
 j - 8 potions of curing
 p - 3 potions of heal wounds
 r - 2 potions of brilliance
 D - a potion of mutation
 K - 2 potions of resistance
 T - a potion of haste {unknown}
 X - a potion of ambrosia {unknown}
Miscellaneous
 b - a sack of spiders
Comestibles
 f - 7 bread rations
 l - 13 royal jellies
 P - a fruit


   Skills:
 + Level 7.4 Fighting
 + Level 10.8(11.3) Short Blades
 + Level 3.9(6.6) Long Blades
 + Level 11.1(11.7) Slings
 + Level 3.0 Bows
 + Level 5.4(8.1) Throwing
 + Level 10.3 Dodging
 + Level 7.4 Stealth
 + Level 5.0 Shields
 + Level 5.7 Spellcasting


You had 22 spell levels left.
You didn't know any spells.

Dungeon Overview and Level Annotations

Branches:
Dungeon (9/15)             Temple (0/1) D:7            Lair (3/6) D:9
  Swamp (0/4) Lair:3        Snake (0/4) Lair:2
    Orc: D:9-12

Altars:
Cheibriados
Gozag
Kikubaaqudgha
Okawaru
Sif Muna
Uskayaw
Vehumet
Xom
Yredelemnul
Zin

Shops:
D:7 (

Annotations:
Lair:2 2 exclusions


Innate Abilities, Weirdness & Mutations

You are very small and have problems with some larger weapons.
You are too small for most types of armour.
You have supernaturally acute eyesight. (SInv)
You are a herbivore.
You cover ground extremely quickly.
You need consume almost no food.


Message History

You kill the ice beast!
You start resting.
Magic restored.
You start resting.
HP restored. 2 ice dragons come into view.
The ice dragon roars deafeningly!
Found a knobbly sapphire ring and 12 gold pieces.
Found 58 gold pieces and a translucent glass ring.
The ice dragon roars deafeningly!
The ice dragon breathes frost at you. The blast of cold hits you!
You feel a terrible chill!
Found a notched wooden ring, 47 gold pieces and a wooden ring.
The ice dragon breathes frost at you.
The blast of cold hits the ice dragon.
The ice dragon resists.
The blast of cold hits you!
You feel a terrible chill! The ice dragon breathes frost at you.
The blast of cold hits you!
You feel a terrible chill!
Ouch! That really hurt!
You die...

##......###
##....#### ######
### ##..####
##$$$$$
##.###..##
$==..$$ #....#.##
=$....$ #.##...#
=......
###..#####
#....D.###.##...#
#.....#...@..##
#.DD...####
########


You could see 2 ice dragons.

Vanquished Creatures
  Gastronok (D:8)
  A minotaur (Lab)
  3 death yaks (D:9)
  A two-headed ogre (D:9)
  2 black mambas (Lair:2)
  2 ice statues (IceCv)
  4 spiny frogs
  A komodo dragon (Lair:2)
  4 rime drakes
  2 hornets (D:8)
  Grinder (D:4)
  2 hippogriffs (Lair:1)
  Sigmund (D:4)
  20 yaks
  Eustachio (D:4)
  A wyvern (D:9)
  A basilisk (Lair:1)
  A hungry ghost (D:8)
  3 nagas (Lair:2)
  2 soldier ants (D:8)
  2 porcupines
  5 water moccasins
  18 ice beasts
  A black bear (D:8)
  2 orc warriors
  A necrophage (D:8)
  2 sky beasts
  3 wolves (Lair:2)
  5 centaurs
  3 ogres
  2 crocodiles
  2 big kobolds (D:9)
  An earth elemental (Lab)
  8 bullfrogs
  2 wyvern skeletons (D:7)
  2 scorpions
  6 killer bees (D:8)
  7 wights
  A howler monkey (D:9)
  5 crimson imps
  2 bullfrog zombies
  2 jellies (D:6)
  7 orc priests
  7 hounds
  Jessica (D:6)
  2 hell rats (D:9)
  7 worker ants
  4 orc wizards
  A killer bee zombie (D:9)
  An ogre skeleton (Lab)
  A hound zombie (D:6)
  2 hound skeletons
  A howler monkey zombie (D:8)
  A worker ant zombie (D:7)
  2 gnolls (D:3)
  7 adders
  2 river rats (D:9)
  A shadow imp (D:9)
  3 oozes
  An adder skeleton (D:5)
  4 dart slugs
  5 leopard geckos
  28 orcs
  2 ball pythons
  7 giant cockroaches
  12 goblins
  6 hobgoblins
  14 jackals
  13 kobolds
  5 quokkas
  9 bats
  11 frilled lizards
  A jackal skeleton (D:5)
  A jackal zombie (D:8)
  A quokka zombie (D:6)
  5 rats
  A plant (Lair:2)
312 creatures vanquished.

Vanquished Creatures (others)
  8 fungi
  3 plants (Lair:3)
11 creatures vanquished.

Grand Total: 323 creatures vanquished

Notes
Turn   | Place    | Note
-------+----------+-------------------------------------------
     0 | D:1      | equalderp2856 the Spriggan Fighter began the quest for the Orb.
     0 | D:1      | Reached XP level 1. HP: 11/11 MP: 2/2
    81 | D:1      | Reached XP level 2. HP: 16/16 MP: 3/3
   878 | D:1      | Reached XP level 3. HP: 15/19 MP: 4/4
  2271 | D:3      | Reached XP level 4. HP: 22/23 MP: 5/5
  3040 | D:3      | Reached skill level 5 in Dodging
  3632 | D:3      | Found an iron altar of Okawaru.
  3681 | D:4      | Reached XP level 5. HP: 17/28 MP: 6/6
  4093 | D:4      | Reached skill level 1 in Stealth
  4099 | D:4      | Found a shimmering altar of Xom.
  4420 | D:4      | Found a hide-covered altar of Uskayaw.
  4426 | D:4      | Noticed Grinder
  4448 | D:4      | You fall through a shaft!
  4448 | D:5      | Entered Level 5 of the Dungeon
  4485 | D:5      | Reached XP level 6. HP: 23/32 MP: 7/7
  4510 | D:5      | Noticed a sky beast
  4845 | D:5      | Noticed a yak
  4851 | D:5      | Noticed a yak
  4854 | D:5      | Noticed a yak
  4855 | D:5      | Noticed a yak
  4859 | D:5      | Noticed a yak
  4882 | D:5      | Killed a yak
  4882 | D:5      | Reached skill level 5 in Short Blades
  5052 | D:4      | Killed a yak
  5052 | D:4      | Reached skill level 2 in Slings
  5052 | D:4      | Reached skill level 1 in Spellcasting
  5052 | D:4      | Reached XP level 7. HP: 30/36 MP: 9/9
  5125 | D:4      | Noticed Eustachio
  5240 | D:4      | Killed Eustachio
  5240 | D:4      | Reached skill level 3 in Slings
  5539 | D:4      | Noticed Sigmund
  5574 | D:4      | Killed Sigmund
  5574 | D:4      | Reached skill level 4 in Slings
  5902 | D:4      | Paralysed by Grinder for 7 turns
  6148 | D:4      | Killed Grinder
  6148 | D:4      | Reached skill level 5 in Slings
  6148 | D:4      | Reached XP level 8. HP: 39/41 MP: 13/13
  7351 | D:6      | Found an opulent altar of Gozag.
  7534 | D:6      | Got a faintly humming robe
  7548 | D:6      | Identified the cursed +0 robe of Mental Paralysis {rPois Str+6 Dex+2} (You found it on level 6 of the Dungeon)
  7788 | D:6      | Reached XP level 9. HP: 45/45 MP: 16/16
  8009 | D:6      | Found a glowing silver altar of Zin.
  8012 | D:6      | Found a radiant altar of Vehumet.
  8014 | D:6      | Found an ancient bone altar of Kikubaaqudgha.
  8016 | D:6      | Found a snail-covered altar of Cheibriados.
  8017 | D:6      | Found a basalt altar of Yredelemnul.
  8073 | D:6      | Noticed Jessica
  8091 | D:6      | Killed Jessica
  8094 | D:6      | Found a deep blue altar of Sif Muna.
  9110 | D:7      | Reached skill level 5 in Spellcasting
  9316 | D:7      | Found Qaaveifu's Weapon Shop.
  9415 | D:6      | Reached skill level 6 in Slings
 10093 | D:7      | Found a staircase to the Ecumenical Temple.
 11239 | D:8      | Reached skill level 5 in Stealth
 11326 | D:8      | Reached skill level 1 in Long Blades
 11581 | D:8      | Reached skill level 1 in Bows
 11581 | D:8      | Reached XP level 10. HP: 50/50 MP: 19/19
 12255 | D:8      | Reached skill level 5 in Fighting
 12472 | D:8      | Noticed Gastronok
 13527 | D:8      | Killed Gastronok
 13527 | D:8      | Reached skill level 8 in Slings
 14010 | D:9      | Noticed a death yak
 14014 | D:9      | Noticed a death yak
 14156 | D:9      | Noticed a death yak
 14412 | D:9      | Found a staircase to the Lair.
 14486 | D:9      | Reached skill level 9 in Slings
 14883 | D:9      | Killed a death yak
 14883 | D:9      | Reached skill level 1 in Throwing
 14883 | D:9      | Reached XP level 11. HP: 55/55 MP: 20/20
 15092 | D:9      | Killed a death yak
 15148 | D:9      | Killed a death yak
 16138 | D:9      | Noticed a two-headed ogre
 16170 | D:9      | Killed a two-headed ogre
 16922 | Lair:1   | Entered Level 1 of the Lair of Beasts
 17918 | Lair:1   | Reached skill level 10 in Slings
 18250 | Lair:1   | Reached skill level 10 in Short Blades
 19221 | Lair:2   | Found a staircase to the Snake Pit.
 19224 | Lair:2   | Found a labyrinth entrance.
 19284 | Lab      | Entered a labyrinth
 21288 | Lab      | Noticed a minotaur
 21410 | Lab      | Killed a minotaur
 21410 | Lab      | Reached skill level 5 in Throwing
 21540 | Lab      | Got a blackened flail {crush}
 21543 | Lab      | Identified the +7 flail of Sharkskin {crush, Int+3} (You took it off a minotaur in a labyrinth)
 21602 | Lab      | Got an encrusted quarterstaff
 21611 | Lab      | Identified the +6 quarterstaff of the Kidney {crush, Int+2 Dex-4 SInv} (You found it in a labyrinth)
 21631 | Lab      | Got an ichor-stained flail
 21639 | Lab      | Identified the +9 flail of Isomm {crush, rN+ Dex+4} (You found it in a labyrinth)
 24583 | Lair:2   | Reached XP level 12. HP: 56/63 MP: 21/21
 25380 | Lair:2   | Reached skill level 11 in Slings
 25800 | Lair:2   | Reached skill level 10 in Dodging
 25960 | Lair:3   | Found a staircase to the Swamp.
 26026 | Lair:3   | Noticed an eight-headed hydra
 26136 | Lair:3   | Found a frozen archway.
 26186 | IceCv    | Entered an ice cave
 29211 | IceCv    | Reached skill level 5 in Shields
 29721 | IceCv    | Noticed an ice dragon
 29721 | IceCv    | Noticed an ice dragon
 29728 | IceCv    | Killed from afar by an ice dragon

Skill      XL: |  1  2  3  4  5  6  7  8  9 10 11 12 |
---------------+-------------------------------------+-----
Short Blades   | 3 4 5 7 8 9 10 | 10.8
Dodging        | 5 6 7 8 9 10 | 10.3
Fighting       | 3 4 5 7 |  7.4
Stealth        | 1 2 3 5 6 7 |  7.4
Shields        | 3 4 5 |  5.0
Slings         | 2 5 6 9 10 11 | 11.1
Spellcasting   | 1 3 4 5 |  5.7
Long Blades    | 1 2 3 |  3.9
Bows           | 1 3 |  3.0
Throwing       | 1 5 |  5.4

Action                   |  1- 3 |  4- 6 |  7- 9 | 10-12 || total
-------------------------+-------+-------+-------+-------++-------
Melee: Rapier            |   176 |     1 |   318 |   546 ||  1041
       Dagger            |     4 |   182 |     3 |    29 ||   218
       Spear             |       |     7 |       |     1 ||     8
       Hunting sling     |       |       |    32 |       ||    32
       Long sword        |       |       |    16 |   280 ||   296
       Blowgun           |       |       |       |     5 ||     5
 Fire: Hunting sling     |       |    37 |    94 |   370 ||   501
       Shortbow          |       |       |    23 |       ||    23
       Blowgun           |       |       |       |   123 ||   123
       Arbalest          |       |       |       |    35 ||    35
Throw: Stone             |       |       |       |     2 ||     2
  Use: Scroll            |       |     5 |     7 |     8 ||    20
       Potion            |       |       |     1 |     7 ||     8
 Stab: Sleeping          |     2 |     3 |     9 |     5 ||    19
       Distracted        |       |       |       |     3 ||     3
       Invisible         |       |       |       |     2 ||     2
  Eat: Fruit             |       |       |     2 |     4 ||     6
       Royal jelly       |       |       |     1 |     3 ||     4
       Bread ration      |       |       |     1 |     2 ||     3
Armor: Robe              |    21 |    10 |     6 |    39 ||    76
Dodge: Dodged            |   146 |   111 |   228 |   548 ||  1033
Block: Buckler           |    49 |    49 |   103 |   138 ||   339
       Rpst.: Long sword |       |       |     6 |    71 ||    77
